 Dungeon Crawl Stone Soup version 0.31.0-9-g3a7656b989 (console) character file.

Game seed: 4120626764173516675

30 AlterAsc the Shield-Bearer (level 3, 0/29 HPs)
             Began as a Formicid Fighter on Jan 27, 2024.
             Succumbed to a goblin's poison
             ... on level 1 of the Dungeon.
             The game lasted 00:01:16 (373 turns).

AlterAsc the Shield-Bearer (Formicid Fighter)        Turns: 373, Time: 00:01:16

Health: 0/29       AC:  6    Str: 22    XL:     3   Next: 35%
Magic:  3/3        EV:  9    Int:  7    God:
Gold:   40         SH:  5    Dex: 13    Spells: 2/2 levels left

rFire   . . .        a - +0 war axe
rCold   . . .        c - +0 buckler
rNeg    . . .        b - +0 scale mail
rPois   .            (helmet unavailable)
rElec   .            (no cloak)
rCorr   .            (no gloves)
SInv    +            (no boots)
Will    .....        (no amulet) Stlth
                     (no ring)
HPRegen 0.24/turn    (no ring)
MPRegen 0.08/turn

%: no passive effects
@: mighty, lethally poisoned (0 -> -12)
A: permanent stasis, dig shafts and tunnels, antennae 3, four strong arms
a: Dig, Shaft Self


You were on level 1 of the Dungeon.
You visited 1 branch of the dungeon, and saw 1 of its levels.

You collected 40 gold pieces.

Inventory:

Hand Weapons
 a - a +0 war axe (weapon)
Armour
 b - a +0 scale mail (worn)
 c - a +0 buckler (worn)
 f - a +0 kite shield
Potions
 e - a potion of lignification {unknown}


   Skills:
 - Level 3.2 Fighting
 + Level 3.5 Axes
 - Level 3.2 Armour
 - Level 4.0 Shields


You had 2 spell levels left.
You didn't know any spells.
Your spell library was empty.

Dungeon Overview and Level Annotations

Branches:
Dungeon (1/15)

Altars:


Innate Abilities, Weirdness & Mutations

You cannot be hasted, slowed, berserked, paralysed or teleported.
You can dig through walls and to a lower floor.
You have a pair of large antennae on your head. (SInv)
Your four strong arms can wield two-handed weapons with a shield.


Message History

No target in view!
You open the door.
There is an open door here.
You open the door.
A ball python comes into view.
The ball python hisses angrily.
A goblin comes into view. It is wielding a +0 club.
The goblin shouts!
A goblin comes into view. It is wielding a +1 dagger of venom.
There is an open door here.
The goblin shouts!
A hobgoblin comes into view. It is wielding a +0 long sword.
You hit the ball python.
You kill the ball python!
You slash the goblin!
You kill the goblin!
The goblin barely misses you.
Things that are here:
a +0 club; a goblin corpse You closely miss the goblin.
The goblin hits you but does no damage.
You are poisoned.
You barely miss the hobgoblin. You closely miss the goblin.
You feel very sick.
The hobgoblin hits you with a +0 long sword.
The goblin hits you with a +1 dagger of venom. x2
The hobgoblin hits you with a +0 long sword!
* * * LOW HITPOINT WARNING * * *
You are too injured to fight recklessly!
Press: ? - help, v - describe, . - travel
Here: a hobgoblin, wielding a +0 long sword The floor.
Unknown command.
You feel very mighty all of a sudden.
* * * LOW HITPOINT WARNING * * *
You feel sick. The hobgoblin closely misses you.
The goblin hits you with a +1 dagger of venom.
* * * LOW HITPOINT WARNING * * *
You are more poisoned.
You barely miss the goblin. You barely miss the hobgoblin.
You die...

########## #.........
#......... ###### #.........
### ##....###..g...... #..
#.....'.'.@g...... #..
#.....###......... #..
#......########### ###..
######.# ..... #.# .. #####
#.# ..# ...## ########.#
#######.# ..... #........#
#.......#####++### #......###
#.....###~~.......
#......#####.....##~~..~~~~~~
####'###...'..>..##~..~~...~~


You could see a hobgoblin and a goblin.

Vanquished Creatures
  5 ball pythons (D:1)
  2 endoplasms (D:1)
  4 goblins (D:1)
  5 hobgoblins (D:1)
  4 jackals (D:1)
  A quokka (D:1)
  2 bats (D:1)
  A frilled lizard (D:1)
  A kobold (D:1)
25 creatures vanquished.

Notes
Turn   | Place    | Note
-------+----------+-------------------------------------------
     0 | D:1      | AlterAsc the Formicid Fighter began the quest for the Orb.
     0 | D:1      | Reached XP level 1. HP: 18/18 MP: 1/1
    47 | D:1      | Reached XP level 2. HP: 21/24 MP: 2/2
   262 | D:1      | Reached XP level 3. HP: 23/29 MP: 3/3
   373 | D:1      | Succumbed to a goblin's poison

Illustrated notes

Levels and vault maps discovered:
D:1:      psy_arrival_whirlpool, layout_basic, minivault_25

Skill      XL: |  1  2 |
---------------+-------+-----
Axes           | 3 |  3.5
Fighting       | |  3.2
Armour         | |  3.2
Shields        | |  4.0

Action                     || total
---------------------------++-------
  Melee: War axe           ||    80
    Use: Potion            ||     1
 Armour: Scale mail        ||    70
  Dodge: Dodged            ||    51
  Block: Buckler           ||    23
